[Event "III Copa Marcel Duchamp 2019"]
[Site "Montevideo"]
[Date "2019.02.09"]
[Round "1.29"]
[White "Fiora, Emilio"]
[Black "Rey Besada, Fernando"]
[Result "1-0"]
[ECO "C15"]
[WhiteElo "2190"]
[BlackElo "2135"]
[Annotator "ChessBase"]
[PlyCount "33"]
[EventDate "2019.02.09"]
[EventType "swiss"]
[EventCountry "URU"]
[SourceTitle "playchess.com"]
[Source "ChessBase"]
[SourceQuality "1"]
[TimeControl "5400+30"]

1. e4 e6 2. d4 d5 3. Nc3 Bb4 4. a3 Bf8 5. Nf3 b6 6. Bd3 Ba6 7. Bxa6 Nxa6 8. Qe2 Nb8 9. exd5 Qe7 10. Ne5 Nf6 11. Bg5 h6 12. Qb5+ Kd8 13. Bf4 Qe8 14. Qb3 Bd6 15. dxe6 Qxe6 16. Qxe6 fxe6 17. Nf7+ {Ng8} 1-0

[Event "III Copa Marcel Duchamp 2019"]
[Site "Montevideo"]
[Date "2019.02.09"]
[Round "1.31"]
[White "Hurtado Bahamonde, Rodrigo"]
[Black "Pena Perez, Luis Eduardo"]
[Result "1-0"]
[ECO "B54"]
[WhiteElo "2172"]
[BlackElo "2099"]
[Annotator "ChessBase"]
[PlyCount "47"]
[EventDate "2019.02.09"]
[EventType "swiss"]
[EventCountry "URU"]
[SourceTitle "playchess.com"]
[Source "ChessBase"]
[SourceQuality "1"]
[TimeControl "5400+30"]

1. e4 c5 2. Nf3 d6 3. d4 cxd4 4. Nxd4 a6 5. c4 Nf6 6. Nc3 Nc6 7. Be2 e6 8. O-O Be7 9. Be3 O-O 10. Kh1 Bd7 11. f4 Nxd4 12. Qxd4 Bc6 13. b4 d5 14. b5 axb5 15. cxb5 Bd7 16. exd5 exd5 17. Nxd5 Nxd5 18. Qxd5 Ra3 19. Bc5 Bxc5 20. Qxc5 Qa5 21. Rad1 Be6 22. f5 b6 23. Qe7 Bxa2 24. Rd8 1-0

[Event "III Copa Marcel Duchamp 2019"]
[Site "Montevideo"]
[Date "2019.02.09"]
[Round "1.32"]
[White "Milan, Julio"]
[Black "Sarquis, Maria Belen"]
[Result "0-1"]
[ECO "C54"]
[WhiteElo "1614"]
[BlackElo "2164"]
[Annotator "ChessBase"]
[PlyCount "56"]
[EventDate "2019.02.09"]
[EventType "swiss"]
[EventCountry "URU"]
[SourceTitle "playchess.com"]
[Source "ChessBase"]
[SourceQuality "1"]
[TimeControl "5400+30"]

1. e4 e5 2. Nf3 Nc6 3. Bc4 Bc5 4. c3 Nf6 5. b4 Bb6 6. h3 d6 7. d3 h6 8. Nbd2 Ne7 9. Nf1 Ng6 10. a4 c6 11. Be3 O-O 12. Qd2 d5 13. exd5 cxd5 14. Bxb6 Qxb6 15. Bb3 Be6 16. Ng3 Rac8 17. O-O Rc7 18. Rac1 Rfc8 19. Rfe1 Qd6 20. Ne2 a5 21. b5 Nh5 22. Ng3 Nhf4 23. Nxe5 Nxh3+ 24. gxh3 Nxe5 25. Kg2 Ng6 26. Nh5 Nh4+ 27. Kh1 Nf3 28. Qe3 Qh2# 0-1